 Dungeon Crawl Stone Soup version 0.30.0-20-g3615ddf2f0 (webtiles) character file.

Game seed: 2262172400440734778

512 qw the Chopper (level 7, -1/43 HPs)
             Began as a Gargoyle Fighter on May 31, 2023.
             Was an Initiate of Okawaru.
             Slain by a gnoll
             ... wielding a +0 heavy flail
              (12 damage)
             ... on level 5 of the Dungeon.
             The game lasted 00:01:36 (3325 turns).

qw the Chopper (Gargoyle Fighter)                   Turns: 3325, Time: 00:01:36

Health: -1/43      AC: 19    Str: 20 (22) XL:     7   Next: 19%
Magic:  7/7        EV:  3    Int:  8      God:    Okawaru [......]
Gold:   311        SH:  0    Dex: 11 (12) Spells: 6/6 levels left

rFire   x . .        j - +8 war axe "Hiruqosk" {venom, rElec rF- Dex+3}
rCold   . . .        c - +0 buckler
rNeg    + . .        p - +0 plate armour
rPois   inf          (no helmet)
rElec   +            k - +0 cloak
rCorr   .            b - +1 pair of gloves
SInv    .            (no boots)
Will    .....        (no amulet) Stlth
                     (no ring)
HPRegen 0.27/turn    (no ring)
MPRegen 0.10/turn

%: no passive effects
@: held
A: sickness immunity, AC +4, negative energy resistance 1, electricity
resistance, torment resistance 1, petrification resistance
a: Renounce Religion


You were on level 5 of the Dungeon.
You worshipped Okawaru.
Okawaru was noncommittal.
You visited 2 branches of the dungeon, and saw 6 of its levels.

You collected 311 gold pieces.


Innate Abilities, Weirdness & Mutations

You are immune to sickness and miasma.
Your stone body is resilient. (AC +4)
You are immune to poison.
You resist negative energy. (rN+)
You are resistant to electric shocks. (rElec)
You are resistant to unholy torment.
You are immune to petrification.


   Skills:
 - Level 4.0 Fighting
 - Level 6.0 Axes
 - Level 2.1 Throwing
 + Level 3.6 Armour
 - Level 3.2 Shields


You had 6 spell levels left.
You didn't know any spells.
Your spell library was empty.

Inventory:

Hand Weapons
 a - a +0 mace
 j - the +8 war axe "Hiruqosk" (weapon) {venom, rElec rF- Dex+3}
   (You acquired it on level 4 of the Dungeon)

   Dex:       It affects your dexterity (+3).
   rF:        It makes you vulnerable to fire.
   rElec:     It insulates you from electricity.
 r - a +1 heavy war axe
Missiles
 g - 7 boomerangs
 s - 3 boomerangs of dispersal (quivered)
Armour
 b - a +1 pair of gloves (worn)
 c - a +0 buckler (worn)
 k - a +0 cloak (worn)
 p - a +0 plate armour (worn)
Wands
 h - a wand of digging (6)
Scrolls
 l - 3 scrolls of teleportation
 n - a scroll of identify
Potions
 d - a potion of might
 f - a potion of magic
 i - a potion of mutation
 m - a potion of attraction
 o - a potion of curing {unknown}
 q - a potion of resistance

Dungeon Overview and Level Annotations

Branches:
Dungeon (5/15)             Temple (1/1) D:4

Altars:
Ashenzari
Cheibriados
Dithmenos
Elyvilon
Fedhas
Hepliaklqana
Makhleb
Nemelex Xobeh
Okawaru
Qazlal
Ru
Sif Muna
Trog
Uskayaw
Wu Jian
Yredelemnul
Zin
The Shining One

Shops:
D:1 ?


Message History

Okawaru accepts your kill.
The gnoll hits you but does no damage. x2
The gnoll is no longer moving quickly.
The gnoll hits you but does no damage.
Enter note: You barely miss the gnoll.
You block the gnoll's attack.
You slash the gnoll!
The gnoll is severely wounded.
A gnoll comes into view. It is wielding a +0 flail.
The gnoll hits you but does no damage.
You slash the gnoll!
You kill the gnoll!
Okawaru accepts your kill.
A gnoll comes into view. It is wielding a +0 heavy flail.
You feel your strength returning.
3313 ||| Stepping ~*~*~tactically~*~*~ (hiding).
Enter note: You start resting.
A gnoll is nearby!
The gnoll throws a throwing net.
The throwing net hits you.
You become entangled in the net!
You see here a throwing net.
3317 ||| FLEEEEING.
You struggle against the net.
A gnoll comes into view. It is wielding a +0 whip.
The gnoll shouts!
The gnoll drinks a potion.
The gnoll seems to speed up.
You struggle against the net.
The gnoll hits you but does no damage. x2
The gnoll hits you but does no damage. The gnoll hits you with a +0 flail.
The gnoll hits you with a +0 heavy flail.
The gnoll hits you but does no damage.
You struggle against the net.
The gnoll hits you with a +0 heavy flail!
A gnoll comes into view. It is wielding a +0 flail.
The gnoll hits you with a +0 flail.
The gnoll shouts!
The gnoll hits you but does no damage. The gnoll hits you with a +0 flail.
The gnoll hits you but does no damage.
The gnoll hits you with a +0 heavy flail!
You die...

####.. ....... #....#
#........ ####.$..#
#.........
.......#####.........
#.........$.# ......
#...........##......
#...).).............
#.gg)...............
#.g@.)).............
#.#.................
.g #.#####...#....#..
...
#.#...............
...
#.+........#####.. ..
###............+ . .
...##+#.....## ...
#....)...# #........#


You could see 4 gnolls.

Vanquished Creatures
  Sigmund (D:2)
  A centaur (D:5)
  A scorpion (D:3)
  A gnoll bouda (D:5)
  An iguana (D:5)
  Ijyb (D:3)
  3 gnolls (D:5)
  2 adders (D:4)
  3 worms
  4 dart slugs
  3 orcs (D:3)
  8 ball pythons
  6 endoplasms
  2 giant cockroaches
  7 goblins
  7 hobgoblins
  6 jackals
  3 quokkas
  2 bats
  3 frilled lizards
  4 kobolds
  8 rats
77 creatures vanquished.

Notes
Turn   | Place    | Note
-------+----------+-------------------------------------------
     0 | D:1      | qw the Gargoyle Fighter began the quest for the Orb.
     0 | D:1      | Reached XP level 1. HP: 14/14 MP: 1/1
     0 | D:1      | 0 ||| qw: Version: 0.2-a-102-gfc559e5
     0 | D:1      | 0 ||| qw: Game counter: 519
     0 | D:1      | 0 ||| qw: Always use a shield: true
     0 | D:1      | 0 ||| qw: God list: Okawaru
     0 | D:1      | 0 ||| qw: Allow faded altars: false
     0 | D:1      | 0 ||| qw: Do Orc after D:15 true
     0 | D:1      | 0 ||| qw: Do second Lair branch before Depths: true
     0 | D:1      | 0 ||| qw: Lair rune preference: random
     0 | D:1      | 0 ||| qw: Plans: Normal, Zot:1-4, Slime:5, God:TSO, Crypt,
                  | Tomb, Pan, Hells, Abyss, Win
     0 | D:1      | 0 ||| PLANNING D:1-11
    20 | D:1      | 20 ||| Stepping ~*~*~tactically~*~*~ (hiding).
    21 | D:1      | 21 ||| Stepping ~*~*~tactically~*~*~ (hiding).
    25 | D:1      | Reached skill level 2 in Axes
    44 | D:1      | 44 ||| Stepping ~*~*~tactically~*~*~ (hiding).
    49 | D:1      | 49 ||| Stepping ~*~*~tactically~*~*~ (hiding).
    50 | D:1      | 50 ||| Stepping ~*~*~tactically~*~*~ (hiding).
    54 | D:1      | Reached XP level 2. HP: 19/19 MP: 2/2
   353 | D:1      | Found Vabif's Magic Scroll Boutique.
   365 | D:1      | 365 ||| SHOPLISTING 2 scrolls of identify (44 gold, have
                  | 10).
   365 | D:1      | 365 ||| SHOPLISTING scroll of enchant weapon (82 gold, have
                  | 10).
   365 | D:1      | 365 ||| SHOPLISTING scroll of teleportation (33 gold, have
                  | 10).
   493 | D:1      | 493 ||| Stepping ~*~*~tactically~*~*~ (stealth).
   495 | D:1      | 495 ||| Stepping ~*~*~tactically~*~*~ (stealth).
   502 | D:1      | Reached skill level 3 in Axes
   507 | D:1      | Reached XP level 3. HP: 23/23 MP: 3/3
   599 | D:1      | You fall into a shaft and drop 1 floor!
   648 | D:2      | 648 ||| Stepping ~*~*~tactically~*~*~ (stealth).
   995 | D:2      | Noticed Sigmund
   996 | D:2      | 996 ||| Stepping ~*~*~tactically~*~*~ (hiding).
  1012 | D:2      | Killed Sigmund
  1013 | D:2      | Reached skill level 5 in Axes
  1013 | D:2      | Reached XP level 4. HP: 14/28 MP: 4/4
  1013 | D:2      | Reached XP level 5. HP: 16/32 MP: 5/5
  1074 | D:2      | 1074 ||| UPGRADING to +0 cloak.
  1079 | D:2      | 1079 ||| READING scroll labelled PALI ETHRICH.
  1080 | D:2      | 1080 ||| READING 2 scrolls labelled RIXUNU MIJOCH.
  1081 | D:2      | 1081 ||| READING scroll labelled CIEDOE OPHOVEU.
  1082 | D:2      | 1082 ||| READING 2 scrolls labelled HUIXOE QIPPAFF.
  1091 | D:2      | 1091 ||| READING scroll labelled YSIKKA NUDGHOTH.
  1092 | D:2      | 1092 ||| READING 3 scrolls labelled GODYHEUDI.
  1113 | D:2      | 1113 ||| DRINKING 2 viscous golden potions.
  1114 | D:2      | 1114 ||| DROPPING potion of degeneration.
  1115 | D:2      | 1115 ||| DROPPING scroll of magic mapping.
  1116 | D:2      | 1116 ||| DROPPING 2 scrolls of torment.
  1126 | D:2      | Found a faded altar of an unknown god.
  1129 | D:2      | 1129 ||| FLEEEEING.
  1130 | D:2      | 1130 ||| FLEEEEING.
  1131 | D:2      | 1131 ||| FLEEEEING.
  1132 | D:2      | 1132 ||| FLEEEEING.
  1144 | D:2      | 1144 ||| FLEEEEING.
  1156 | D:2      | 1156 ||| FLEEEEING.
  1157 | D:2      | 1157 ||| FLEEEEING.
  1315 | D:1      | 1315 ||| DROPPING +0 club.
  1482 | D:1      | 1482 ||| Stepping ~*~*~tactically~*~*~ (stealth).
  1547 | D:2      | 1547 ||| Stepping ~*~*~tactically~*~*~ (hiding).
  1549 | D:2      | 1549 ||| Stepping ~*~*~tactically~*~*~ (hiding).
  1711 | D:2      | 1711 ||| SWAPPING to +0 heavy war axe.
  1712 | D:2      | 1712 ||| DROPPING +0 war axe.
  1875 | D:2      | 1875 ||| READING scroll labelled TEAFUJ MUEMEA.
  1985 | D:3      | 1985 ||| Stepping ~*~*~tactically~*~*~ (stealth).
  1989 | D:3      | Reached XP level 6. HP: 37/37 MP: 6/6
  2002 | D:3      | 2002 ||| Stepping ~*~*~tactically~*~*~ (stealth).
  2052 | D:3      | Noticed Ijyb
  2061 | D:3      | Killed Ijyb
  2643 | D:3      | 2643 ||| UPGRADING to +0 plate armour.
  2653 | D:3      | 2653 ||| DROPPING +0 scale mail.
  2654 | D:3      | 2654 ||| READING scroll labelled XEUCAK FO XUJE.
  2655 | D:3      | 2655 ||| READING 2 scrolls labelled VYEXKY WUTSAON.
  2656 | D:3      | 2656 ||| READING scroll labelled PABIGG FUEKK.
  2657 | D:3      | 2657 ||| READING scroll labelled EMOLAIZAEF.
  2674 | D:4      | 2674 ||| STAIRDANCE
  2758 | D:4      | 2758 ||| Stepping ~*~*~tactically~*~*~ (stealth).
  2762 | D:4      | 2762 ||| Stepping ~*~*~tactically~*~*~ (stealth).
  2768 | D:4      | Found a blossoming altar of Fedhas.
  2847 | D:4      | Found a staircase to the Ecumenical Temple.
  2848 | D:4      | 2848 ||| PLANNING TEMPLE
  2848 | D:4      | 2848 ||| UPGRADING to +0 pair of gloves.
  2853 | D:4      | 2853 ||| READING scroll labelled LUEMPY JILEVVO.
  2853 | D:4      | Identified a scroll of acquirement
  2853 | D:4      | 2853 ||| ACQUIRING +8 war axe "Hiruqosk" {venom, rElec rF-
                  | Dex+3}
  2853 | D:4      | Acquired the +8 war axe "Hiruqosk" {venom, rElec rF- Dex+3}
  2855 | D:4      | 2855 ||| SWAPPING to +8 war axe "Hiruqosk" {venom, rElec
                  | rF- Dex+3}.
  2861 | Temple   | Entered the Ecumenical Temple
  2862 | Temple   | 2862 ||| PLANNING OKAWARU WORSHIP
  2867 | Temple   | Became a worshipper of Warmaster Okawaru
  2867 | Temple   | 2867 ||| PLANNING D:1-11
  2953 | D:4      | 2953 ||| READING scroll of enchant armour.
  2953 | D:4      | 2953 ||| ENCHANTING +0 pair of gloves.
  3201 | D:4      | 3201 ||| READING 3 scrolls labelled LIRONL FALANUTO.
  3202 | D:4      | 3202 ||| READING 5 scrolls of identify.
  3202 | D:4      | 3202 ||| IDENTIFYING white potion
  3203 | D:4      | 3203 ||| READING 4 scrolls of identify.
  3203 | D:4      | 3203 ||| IDENTIFYING fuming red potion
  3204 | D:4      | 3204 ||| READING 3 scrolls of identify.
  3204 | D:4      | 3204 ||| IDENTIFYING fizzy amethyst potion
  3205 | D:4      | 3205 ||| READING 2 scrolls of identify.
  3205 | D:4      | 3205 ||| IDENTIFYING green potion
  3206 | D:4      | 3206 ||| DROPPING potion of flight.
  3207 | D:4      | 3207 ||| DROPPING 2 scrolls of vulnerability.
  3229 | D:5      | Entered Level 5 of the Dungeon
  3299 | D:5      | Reached XP level 7. HP: 39/43 MP: 7/7
  3304 | D:5      | Reached skill level 6 in Axes
  3313 | D:5      | 3313 ||| Stepping ~*~*~tactically~*~*~ (hiding).
  3317 | D:5      | 3317 ||| FLEEEEING.
  3325 | D:5      | Slain by a gnoll

Levels and vault maps discovered:
D:1:      heliophobic_arrival_henge, layout_loops_corners, serial_shops, shop
D:2:      layout_basic, hellmonk_ecumenical_altar_run_dry,
          minmay_fractal_squares_gapless_5, uniq_sigmund
D:3:      layout_loops_ring, uniq_ijyb
D:4:      layout_cave_pools, mainiacjoe_overflow_cross_hatched,
          minmay_temple_entry_nine_rooms, kennysheep_dice
D:5:      layout_basic, mainiacjoe_overflow_tiny_flanked
Temple:   sentei_temple_godly_chess

Skill      XL: |  1  2  3  4  5  6  7 |
---------------+----------------------+-----
Axes           | 2 3 5 6 |  6.0
Fighting       | 4 |  4.0
Throwing       | 2 |  2.1
Armour         | |  3.6
Shields        | |  3.2

Action                     |  1- 3 |  4- 6 |  7- 9 || total
---------------------------+-------+-------+-------++-------
  Melee: War axe           |   113 |    78 |    12 ||   203
  Throw: Boomerang         |       |    28 |       ||    28
    Use: Scroll            |       |    18 |       ||    18
         Potion            |       |     1 |       ||     1
 Armour: Scale mail        |    48 |    27 |       ||    75
         Plate armour      |       |    32 |    24 ||    56
  Dodge: Dodged            |    58 |    39 |     2 ||    99
  Block: Buckler           |    19 |    17 |     3 ||    39

Table legend:
 A = Non-vault XP
 B = Vault XP
 C = Vault XP percentage of total XP
 D = Non-vault monster count
 E = Vault monster count
 F = Vault count percentage of total count
                 A         B        C        D         E       F
            +---------+---------+-------+---------+---------+-------
      Total |     443 |     289 |  39.5 |      66 |      11 |  14.3
            +---------+---------+-------+---------+---------+-------
        D:1 |      46 |       0 |   0.0 |      25 |       0 |   0.0
        D:2 |      23 |     248 |  91.5 |      13 |       7 |  35.0
        D:3 |     109 |      35 |  24.3 |      13 |       1 |   7.1
        D:4 |      39 |       6 |  13.3 |       9 |       3 |  25.0
        D:5 |     226 |       0 |   0.0 |       6 |       0 |   0.0
            +---------+---------+-------+---------+---------+-------
